 Dungeon Crawl Stone Soup version 0.28-a0-265-g048bc9fd10 (webtiles) character file.

Game seed: 5771868182426994966

2 SeanNever the Chopper (level 1, 0/18 HPs)
             Began as a Minotaur Gladiator on Aug 27, 2021.
             Was an Initiate of Trog.
             Slain by a jelly (1 damage)
             ... on level 2 of the Dungeon.
             The game lasted 00:01:09 (151 turns).

SeanNever the Chopper (Minotaur Gladiator)           Turns: 151, Time: 00:01:10

Health: 0/18       AC: -1    Str: 18    XL:     1   Next: 25%
Magic:  0/0        EV: 12    Int:  5    God:    Trog [......]
Gold:   29         SH:  0    Dex: 11    Spells: 0/0 levels left

rFire   . . .      SeeInvis .   a - +0 war axe
rCold   . . .      Faith    .   (no shield)
rNeg    . . .      Spirit   .   b - +0 leather armour
rPois   .          Reflect  .   c - +0 hat
rElec   .          Harm     .   (no cloak)
rCorr   .          Rampage  .   (no gloves)
Will    .....                   (no boots)
Stlth   +.........              (no amulet)
HPRegen 0.06/turn               (no ring)
MPRegen 0.07/turn               (no ring)

@: corroded
A: horns 2, retaliatory headbutt
a: Renounce Religion


You were on level 2 of the Dungeon.
You worshipped Trog.
Trog was noncommittal.
You visited 1 branch of the dungeon, and saw 2 of its levels.

You collected 29 gold pieces.

Inventory:

Hand Weapons
 a - a +0 war axe (weapon)
Missiles
 d - 3 throwing nets (quivered)
Armour
 b - a +0 leather armour (worn)
 c - a +0 hat (worn)
Scrolls
 e - a scroll of torment {unknown}


   Skills:
 + Level 2.4 Fighting
 + Level 3.6 Axes
 + Level 2.0 Throwing
 + Level 3.4 Dodging


You couldn't memorise any spells.
You didn't know any spells.
Your spell library was empty.

Dungeon Overview and Level Annotations

Branches:
Dungeon (2/15)

Altars:
Trog


Innate Abilities, Weirdness & Mutations

You have a pair of horns on your head.
You reflexively headbutt those who attack you in melee.


Message History

The frilled lizard hisses angrily.
The frilled lizard bites you but does no damage.
You closely miss the frilled lizard. The frilled lizard closely misses you.
You slash the frilled lizard!
You kill the frilled lizard!
Found 17 gold pieces.
Found a stone staircase leading down.
You now have 29 gold pieces (gained 17).
Found a scroll labelled XYNAEPTAMOH.
Found a bloodstained altar of Trog.
Found 13 gold pieces.
e - a scroll labelled XYNAEPTAMOH
There is a bloodstained altar of Trog here.
You kneel at the altar of Trog.
Trog welcomes you! As you open the door, it creaks loudly!
You hear a shout!
There is an open door here.
Found 3 large rocks.
A hobgoblin comes into view.
A jelly and a goblin come into view.
The goblin shouts!
The jelly quivers.
Found a stone staircase leading up.
The hobgoblin hits you. The hobgoblin hits you. The hobgoblin hits you.
You see here 13 gold pieces.
You hit the hobgoblin.
The hobgoblin is heavily wounded.
The hobgoblin misses you. You furiously retaliate!
You headbutt the hobgoblin!
You kill the hobgoblin!
Trog accepts your kill. The jelly barely misses you.
Things that are here:
13 gold pieces; a hobgoblin corpse You hit the jelly.
The acid corrodes you!
Your hands burn!
The jelly is lightly wounded.
The jelly hits you.
You are splashed with acid!
* * * LOW HITPOINT WARNING * * *
The jelly hits you.
You die...

#........####........
#..
#....................
#.# #...................
#.# #.................#
#.#
#.................###
#..
#...(....####.......#
#..
#.........'.......##+#..
#....######.._..........
#..<.gJ@................
#.#########.....#.......
#. ........#....... #
#########.......
#....... #.......
#.......


You could see a jelly and a goblin.

Vanquished Creatures
  A hobgoblin (D:2)
  A frilled lizard (D:2)
2 creatures vanquished.

Notes
Turn   | Place    | Note
-------+----------+-------------------------------------------
     0 | D:1      | SeanNever the Minotaur Gladiator began the quest for the
                  | Orb.
     0 | D:1      | Reached XP level 1. HP: 18/18 MP: 0/0
   122 | D:2      | Found a bloodstained altar of Trog.
   131 | D:2      | Became a worshipper of Trog the Wrathful
   139 | D:2      | Noticed a jelly
   151 | D:2      | Slain by a jelly

Illustrated notes

Levels and vault maps discovered:
D:1:      mrwooster_arrival_statue_2, layout_loops_cross
D:2:      layout_basic, basic_altar, uniq_natasha, uniq_crazy_yiuf_cottage,
          uniq_sigmund

Action                   || total
-------------------------++-------
Melee: War axe           ||     4
Armor: Leather armour    ||     1
Dodge: Dodged            ||     3

Table legend: (Time is in decaauts)
 A = Elapsed time spent in this place.
 B = Non-inter-level travel time spent in this place.
 C = Inter-level travel time spent in this place.
 D = Time resting spent in this place.
 E = Time spent auto-exploring this place.
 F = Levels seen in this place.
 G = Mean time per level.
                   A        B        C        D        E       F      G
               +--------+--------+--------+--------+--------+-----+--------+
         Total |    151 |    122 |     29 |      0 |      0 |   2 |   75.5 |
       Dungeon |    151 |    122 |     29 |      0 |      0 |   2 |   75.5 |
               +--------+--------+--------+--------+--------+-----+--------+

Top non-repeatable levels by time:
     D:2: 103 daAuts
     D:1: 48 daAuts
